 Dungeon Crawl Stone Soup version 0.25-a0-589-g1e14c549ee (webtiles) character file.

Game seed: 12429522040626308250, levelgen mode: deterministic

578 Kohma the Changer (level 7, -3/43 HPs)
             Began as an Octopode Transmuter on Mar 9, 2020.
             Shot with an arrow by a centaur (13 damage)
             ... on level 5 of the Dungeon.
             The game lasted 00:15:20 (5365 turns).

Kohma the Changer (Octopode Transmuter)             Turns: 5365, Time: 00:15:20

Health: -3/43      AC:  2    Str: 12      XL:     7   Next: 36%
Magic:  8/11       EV: 20    Int: 18      God:
Gold:   205        SH:  0    Dex: 15 (17) Spells: 4/12 levels left

rFire    . . .     SeeInvis .     - Unarmed
rCold    . . .     Gourm    .   (shield currently unavailable)
rNeg     . . .     Faith    .   (helmet currently unavailable)
rPois    x         Spirit   .   (no amulet)
rElec    .         Reflect  .   g - +3 ring of strength
rCorr    .         Harm     .   (no ring)
MR       .....                  (no ring)
Stlth    +.........             (no ring)
HPRegen  0.14/turn              (no ring)
MPRegen  0.12/turn              (no ring)
                                (no ring)
                                (no ring)

@: spider-form
A: tiny, almost no armour, stealthy swim, (amphibious), 8 rings, (constrict 8)
a: End Transformation


You were on level 5 of the Dungeon.
You were hungry.
You were a venomous arachnid creature.
You visited 1 branch of the dungeon, and saw 5 of its levels.

You collected 205 gold pieces.

Inventory:

Missiles
 a - 91 arrows
 f - 53 sling bullets
 h - 2 atropa-tipped darts
 k - 22 poisoned darts (quivered)
Jewellery
 g - a +3 ring of strength (left front leg)
Scrolls
 d - 4 scrolls of remove curse
 l - a scroll of identify
 n - a scroll of teleportation
 p - a scroll of fear {unknown}
Potions
 e - a potion of might
 i - a potion of flight
 j - 2 potions of curing
 m - a potion of berserk rage
 o - 2 potions of brilliance
 q - 2 potions of stabbing {unknown}
Comestibles
 b - 2 chunks of flesh
 c - 11 rations


   Skills:
 - Level 1.3 Fighting
 - Level 2.2 Dodging
 + Level 4.7 Unarmed Combat
 - Level 3.0 Spellcasting
 * Level 0.4 Charms
 * Level 5.7 Transmutations
 * Level 0.4 Air Magic
 - Level 2.0 Poison Magic


You had 4 spell levels left.
You knew the following spells:

 Your Spells              Type           Power        Failure   Level  Hunger
a - Beastly Appendage     Tmut           ###...       7%          1    None
b - Sticks to Snakes      Tmut           ###.....     9%          2    ##.....
c - Spider Form           Tmut/Pois      ###.......   24%         3    ###....
d - Swiftness             Chrm/Air       #.......     41%         2    ##.....

Your spell library contained the following spells:

 Spells                   Type           Power        Failure   Level  Hunger
 Shock                    Conj/Air       #...         32%         1    None
 Static Discharge         Conj/Air       #.......     63%         3    ###....
 Ice Form                 Ice/Tmut       ##......     67%         4    ####...
 Airstrike                Air            #.........   91%         4    ####...
 Blade Hands              Tmut           ###.......   61%         5    ######.
 Lightning Bolt           Conj/Air       #.........   99%         5    ######.


Dungeon Overview and Level Annotations

Branches:
Dungeon (5/15)
 Temple: D:4-7

Altars:
Makhleb


Innate Abilities, Weirdness & Mutations

You cannot wear most types of armour.
You are very stealthy in the water. (Stealth+)
((You are amphibious.))
You can wear up to eight rings at the same time.
((You can use your tentacles to constrict eight enemies at once.))
((Your skin changes colour to match your surroundings (Stealth+).))
((Your rubbery body absorbs attacks. (AC +1, EV +1)))


Message History

Confirm with . or Enter, or press ? or * to list all spells.
You turn into a venomous arachnid creature.
The jelly quivers.
You are feeling hungry.
The crimson imp misses you.
The centaur shoots an arrow.
The arrow hits you!
You hit the crimson imp.
The crimson imp is moderately wounded.
The worker ant bites you. The crimson imp completely misses you.
The jelly jiggles.
You barely miss the worker ant.
The centaur shoots an arrow.
The arrow completely misses you. The worker ant misses you.
The crimson imp closely misses you.
A worker ant comes into view.
The centaur shoots an arrow.
The arrow hits you!
* * * LOW HITPOINT WARNING * * *
The crimson imp blinks!
The centaur shoots an arrow.
The arrow closely misses you.
The arrow barely misses the worker ant.
You see here an arrow.
The centaur shoots an arrow.
The arrow hits you!
You die...

#§§§§§........ ........#
#§§§§......................###.#
#§§....[..................(###.#
#...............................
#..........................###
#.............................
#...............J...........##
#................§..5..........
#............c.sa(..(......###.#
...a.................#..
...................#.#..
...................#.#..
..##########.#.#.#.#.#.. .
#...#.#.#.#.. #####.#......
#.#.....# #.#.<....


You could see a centaur, a jelly, 2 worker ants and a crimson imp.

Vanquished Creatures
  A necrophage (D:5)
  2 ogres
  A bullfrog (D:3)
  A crimson imp (D:5)
  A quasit (D:4)
  8 adders
  An ooze (D:4)
  3 worms
  2 dart slugs (D:1)
  5 leopard geckos
  3 orcs
  9 giant cockroaches
  7 goblins
  13 hobgoblins
  14 jackals
  2 quokkas
  A ball python zombie (D:5)
  8 bats
  9 frilled lizards
  12 kobolds
  A quokka skeleton (D:4)
  6 rats
110 creatures vanquished.

Vanquished Creatures (collateral kills)
  2 jackals (D:1)
2 creatures vanquished.

Grand Total: 112 creatures vanquished

Notes
Turn   | Place    | Note
-------+----------+-------------------------------------------
     0 | D:1      | Kohma the Octopode Transmuter began the quest for the Orb.
     0 | D:1      | Reached XP level 1. HP: 13/13 MP: 3/3
   183 | D:1      | Reached XP level 2. HP: 12/18 MP: 3/5
   187 | D:1      | Learned a level 2 spell: Sticks to Snakes
   473 | D:1      | Reached XP level 3. HP: 14/23 MP: 4/6
   478 | D:1      | Learned a level 3 spell: Spider Form
  1282 | D:2      | Noticed an ogre
  1291 | D:2      | Killed an ogre
  1291 | D:2      | Reached skill level 3 in Transmutations
  1291 | D:2      | Reached XP level 4. HP: 27/28 MP: 3/8
  1291 | D:2      | Reached XP level 5. HP: 32/33 MP: 3/9
  2954 | D:3      | Reached skill level 4 in Transmutations
  3670 | D:3      | Reached XP level 6. HP: 34/38 MP: 6/10
  4538 | D:4      | Reached skill level 5 in Transmutations
  5025 | D:5      | Entered Level 5 of the Dungeon
  5035 | D:5      | Reached XP level 7. HP: 43/43 MP: 4/11
  5213 | D:5      | Learned a level 2 spell: Swiftness
  5354 | D:5      | Found a burning altar of Makhleb.
  5365 | D:5      | Shot with an arrow by a centaur

Levels and vault maps discovered:
D:1:      minmay_arrival_open_corners, layout_loops_corners,
          minmay_misc_feat_nine_boxes, kennysheep_decorative_pillar
D:2:      layout_loops_corners, kennysheep_potato
D:3:      layout_loops_corners
D:4:      layout_cave_pods, first_ration
D:5:      layout_basic, temple_statues, nrook_uturn, bloody_makhleb

Skill      XL: |  1  2  3  4  5  6 |
---------------+-------------------+-----
Spellcasting   | 3 |  3.0
Transmutations | 3 4 5 |  5.7
Poison Magic   | 2 |  2.0
Unarmed Combat | 4 |  4.7
Fighting       | |  1.3
Dodging        | |  2.2
Charms         | |  0.4
Air Magic      | |  0.4

Action                   |  1- 3 |  4- 6 |  7- 9 || total
-------------------------+-------+-------+-------++-------
Melee: Unarmed           |    78 |   176 |    23 ||   277
       Constrict         |    18 |    12 |     2 ||    32
       Tentacles         |     8 |     5 |     3 ||    16
       Kick              |     7 |     2 |       ||     9
       Punch             |     1 |     1 |       ||     2
Throw: Dart              |       |     4 |       ||     4
 Cast: Beastly Appendage |    14 |     5 |       ||    19
       Spider Form       |     1 |    22 |     3 ||    26
       Sticks to Snakes  |     1 |       |       ||     1
  Use: Scroll            |       |     8 |     3 ||    11
 Stab: Sleeping          |    10 |     3 |     1 ||    14
  Eat: Chunk             |     1 |    15 |     1 ||    17
Armor: Skin              |     7 |    16 |     1 ||    24
Dodge: Dodged            |    57 |   212 |    21 ||   290

Table legend:
 A = Non-vault XP
 B = Vault XP
 C = Vault XP percentage of total XP
 D = Non-vault monster count
 E = Vault monster count
 F = Vault count percentage of total count
                 A         B        C        D         E       F
            +---------+---------+-------+---------+---------+-------
      Total |     825 |       2 |   0.2 |     110 |       2 |   1.8
            +---------+---------+-------+---------+---------+-------
        D:1 |      51 |       0 |   0.0 |      30 |       0 |   0.0
        D:2 |     184 |       2 |   1.1 |      27 |       2 |   6.9
        D:3 |     164 |       0 |   0.0 |      29 |       0 |   0.0
        D:4 |     215 |       0 |   0.0 |      16 |       0 |   0.0
        D:5 |     211 |       0 |   0.0 |       8 |       0 |   0.0
            +---------+---------+-------+---------+---------+-------
